 Dungeon Crawl Stone Soup version 0.25.1-1-g288607f5aa (webtiles) character file.

Game seed: 15527820814887812654

300 protoss039 the Charlatan (level 6, -3/32 HPs)
             Began as a Deep Elf Earth Elementalist on July 21, 2020.
             Slain by a crocodile (18 damage)
             ... in a sewer.
             The game lasted 00:07:34 (3148 turns).

protoss039 the Charlatan (DEEE)                     Turns: 3148, Time: 00:07:34

Health: -3/32      AC:  3    Str:  5    XL:     6   Next: 13%
Magic:  10/14      EV: 13    Int: 22    God:
Gold:   131        SH:  0    Dex: 15    Spells: 4/14 levels left

rFire    . . .     SeeInvis .   l - +0 dagger
rCold    . . .     Gourm    .   (no shield)
rNeg     . . .     Faith    .   c - +0 robe
rPois    .         Spirit   .   (no helmet)
rElec    .         Reflect  .   (no cloak)
rCorr    .         Harm     .   f - +0 pair of gloves (curse)
MR       +....                  (no boots)
Stlth    ++........             (no amulet)
HPRegen  0.10/turn              w - ring of wizardry
MPRegen  0.14/turn              m - ring of protection from magic

@: no status effects
A: no striking features
a: no special abilities


You were in a sewer.
You were not hungry.

You visited 1 branch of the dungeon, and saw 3 of its levels.
You also visited: Sewer.

You collected 131 gold pieces.

Inventory:

Hand Weapons
 l - a +0 dagger (weapon)
Missiles
 b - 69 stones (quivered)
Armour
 c - a +0 robe (worn)
 f - a cursed +0 pair of gloves (worn)
Jewellery
 g - an uncursed ring of flight
 m - a ring of protection from magic (right hand)
 s - an uncursed ring of ice
 w - a ring of wizardry (left hand)
Wands
 x - a wand of polymorph (9)
Scrolls
 a - 5 scrolls of identify {unknown}
 e - a scroll of enchant weapon {unknown}
 j - 4 scrolls of remove curse {unknown}
 k - a scroll of teleportation {unknown}
 n - a scroll of random uselessness {unknown}
 q - a scroll of immolation {unknown}
Potions
 h - 2 potions of degeneration {unknown}
 i - a potion of haste
 o - a potion of heal wounds {unknown}
 p - 2 potions of curing {unknown}
 r - 2 potions of berserk rage {unknown}
 u - a potion of flight {unknown}
 v - a potion of mutation {unknown}
Comestibles
 d - 8 rations
 t - 8 chunks of flesh


   Skills:
 - Level 3.0 Dodging
 - Level 3.0 Stealth
 + Level 4.5 Spellcasting
 - Level 1.1 Transmutations
 - Level 3.2 Earth Magic
 - Level 5.6 Evocations


You had 4 spell levels left.
You knew the following spells:

 Your Spells              Type           Power        Failure   Level  Hunger
a - Sandblast             Erth           ###...       1%          1    None
b - Passwall              Tmut/Erth      ##......     2%          2    None
c - Stone Arrow           Conj/Erth      ##....       6%          3    ##.....
d - Petrify               Tmut/Erth      ##......     17%         4    ####...

Your spell library contained the following spells:

 Spells                   Type           Power        Failure   Level  Hunger
 Lee's Rapid Deconstruct  Erth           ###.......   28%         5    #####..


Dungeon Overview and Level Annotations

Branches:
Dungeon (3/15)              Sewer (1/1)

Altars:


Message History

Confirm with . or Enter, or press ? or * to list all spells.
Aiming: Sandblast (safe; 1% risk of failure)
Press: ? - help, Shift-Dir - straight line, f/p - crocodile
Aim: a crocodile (heavily wounded)
The blast of sand hits the crocodile!
The crocodile is severely wounded.
b - 70 stones The crocodile bites you!
Ouch! That really hurt!
Casting: Sandblast (safe; 1% risk of failure)
Confirm with . or Enter, or press ? or * to list all spells.
Aiming: Sandblast (safe; 1% risk of failure)
Press: ? - help, Shift-Dir - straight line, f/p - crocodile
Aim: a crocodile (severely wounded)
The blast of sand hits the crocodile.
The crocodile is almost dead.
b - 69 stones The crocodile bites you!!
Ouch! That really hurt!
You die...

#∩# #.# #.# #.#
####### #.#
##.÷...## #.#
##.÷÷≈...## #.#
##...≈≈≈...#######.#
#.∩.≈≈≈≈≈..@t......#
##...≈≈≈...#######.#
##...≈...## #.#
##.....## #.#
####### #.# ... ...
..... .....


You could see a crocodile.

Vanquished Creatures
  Sigmund (D:2)
  A crimson imp (D:3)
  Jessica (D:3)
  3 adders
  An ooze (D:2)
  2 dart slugs (D:2)
  A leopard gecko (D:2)
  9 bats
  2 giant cockroaches
  6 goblins
  7 hobgoblins
  A quokka (D:2)
  5 ball pythons
  4 frilled lizards (D:2)
  8 kobolds
  7 rats
59 creatures vanquished.

Notes
Turn   | Place    | Note
-------+----------+-------------------------------------------
     0 | D:1      | protoss039 the Deep Elf Earth Elementalist began the quest
                  | for the Orb.
     0 | D:1      | Reached XP level 1. HP: 10/10 MP: 6/6
    10 | D:1      | Noticed a vine stalker
    12 | D:1      | Noticed a merfolk zombie
    12 | D:1      | Noticed a draconian
    16 | D:1      | Noticed a ghoul
   600 | D:1      | You fall into a shaft and drop 1 floor!
   853 | D:2      | Reached XP level 2. HP: 15/15 MP: 4/8
  1085 | D:2      | Reached skill level 1 in Evocations
  1201 | D:2      | Reached skill level 2 in Evocations
  1511 | D:2      | Reached XP level 3. HP: 19/19 MP: 7/9
  1530 | D:2      | Noticed Sigmund
  2019 | D:2      | Killed Sigmund
  2019 | D:2      | Reached skill level 5 in Evocations
  2019 | D:2      | Reached XP level 4. HP: 11/24 MP: 3/10
  2019 | D:2      | Reached XP level 5. HP: 13/28 MP: 3/11
  2617 | D:2      | Learned a level 2 spell: Passwall
  2621 | D:2      | Learned a level 3 spell: Stone Arrow
  2626 | D:2      | Learned a level 4 spell: Petrify
  2819 | D:3      | Noticed Jessica
  2824 | D:3      | Killed Jessica
  2824 | D:3      | Reached XP level 6. HP: 32/32 MP: 11/14
  3031 | D:3      | Found a glowing drain.
  3047 | Sewer    | Entered a sewer
  3148 | Sewer    | Slain by a crocodile

Illustrated notes

Levels and vault maps discovered:
D:1:      shiori_arrival_whats_in_store_for_you, layout_basic
D:2:      kennysheep_six_static_rooms, layout_loops_ring, minmay_tromino_v4_a,
          uniq_sigmund
D:3:      layout_basic, zin_scriptorium, portal_sewer_entry_b, uniq_jessica
Sewer:    sewer_big_baddie

Skill      XL: |  1  2  3  4  5 |
---------------+----------------+-----
Dodging        | 3 |  3.0
Stealth        | 3 |  3.0
Evocations     | 2 5 |  5.6
Spellcasting   | 4 |  4.5
Transmutations | |  1.1
Earth Magic    | |  3.2

Action                   |  1- 3 |  4- 6 || total
-------------------------+-------+-------++-------
Melee: Short sword       |     4 |       ||     4
       Dagger            |    32 |    22 ||    54
 Cast: Sandblast         |    41 |    40 ||    81
 Stab: Sleeping          |     2 |     1 ||     3
  Eat: Chunk             |     3 |     4 ||     7
Armor: Robe              |    11 |    20 ||    31
Dodge: Dodged            |    39 |    54 ||    93
